← All builds
Tech / Armada / Economy first / OBSERVED BUILD

Standard tech

Armada Tech (Eco) build order · Supreme Isthmus

Rushes T2 by 4:15, gets Advanced Metal Extractor around 5:28, hands off T2 constructors to Geo and the team, then scales eco and supplies the team's T2 needs through the rest of the game.

Usually first T2 con to Geo (83%)

#eco #t2 #team support · 1579 distinct matches · 255 players · 58% of Armada Tech games · team won 53% of 1874 · Recently observed

HOW TO PLAY IT

Key timing: T2 factory by 4:15

  1. Open 3 mex and heavy wind to fund a fast T2 rush.
  2. Put down Bot Lab, planning to eat it for reclaim soon after.
  3. Get Advanced Bot Lab up, hitting the T2 factory rush timing.
  4. Upgrade mex to Advanced Metal Extractor to lock in team metal income.
  5. Eat Advanced Bot Lab and keep sending cons to Geo and Pond.

Phase by phase

TYPICAL OF ITS 1579 GAMES
  1. 1
  2. 2
  3. 3
  4. 4
PLAY THE OPENING

Follow the example game's first 6:00 step by step: what to build now, what comes next, and where it goes. At 1× it keeps pace with your own game.

  1. 1

    Up to the Bot Lab

    Economy
    • Metal Extractor3Mex
    • Wind Turbine4Wind
    Order
    1. Bot LabBot Lab after 3 mex, 4 winddone ~1:18, middle half 1:13–1:32

    Some games also: energy storage (31%)

    By 1:01 in all: 3 mex · 4 wind

    The example game in this phase · 3 steps
    1. Mex ×3
    2. Wind ×3
    3. Bot LabBot Labdone 1:14 · typical 1:18
  2. 2

    Bot Lab to Advanced Bot Lab

    Economy
    • Metal Extractor1Mex
    • Wind Turbine8Wind
    • Energy Storage1Energy storage
    Order
    1. Advanced Bot LabAdvanced Bot Lab after 4 mex, 12 wind, 3 con turretdone ~4:16, middle half 4:04–4:30
    Builders
    • Construction Turret3 Con turret
    • Lazarus3 Lazarus
    • Construction Bot2 Con bot
    • Construction Bot1 Con bot for allies

    Some games also: converter (36%)

    By 3:18 in all: 4 mex · 12 wind · 1 energy storage · 3 con turret

    The example game in this phase · 17 steps
    1. LazarusLazarus
    2. Wind ×3
    3. Construction BotCon bot
    4. Wind ×4
    5. LazarusLazarus
    6. Energy storage
    7. Construction BotCon botfor Air
    8. LazarusLazarus
    9. Mex
    10. Construction BotCon bot
    11. LazarusLazarus
    12. Con turret
    13. NettleNettle
    14. Wind
    15. Con turret
    16. Wind
    17. Advanced Bot LabAdvanced Bot Labdone 4:45 · typical 4:16
  3. 3

    Advanced Bot Lab to 5:00

    Economy
    • Wind Turbine3Wind
    Order
    1. Bot LabEat Bot Lab
    Builders
    • Advanced Construction Bot1 T2 con bot for allies

    Some games also: converter (35%)

    By 5:00 in all: 4 mex · 15 wind · 1 converter · 1 energy storage · 3 con turret

    The example game in this phase · 5 steps
    1. Bot LabEat Bot Labreclaimed for its metal
    2. Wind ×2
    3. Advanced Construction BotT2 con botfor Geo
    4. Wind
    5. Advanced Metal ExtractorT2 mexdone 6:10 · typical 5:29
  4. 4

    5:00 to 10:00

    Economy
    • Wind Turbine43Wind
    • Energy Converter6Converter
    Builders
    • Butler9 Butler
    • Advanced Construction Bot4 T2 con bot for allies
    • Advanced Construction Bot1 T2 con bot

    Some games also: con turret (43%) · Butler for allies (36%)

    By 10:00 in all: 4 mex · 58 wind · 8 converter · 1 energy storage · 3 con turret

    The example game in this phase · 99 steps
    1. SharpshooterSniper botfor Ponddone 5:53
    2. Wind ×3
    3. Advanced Construction BotT2 con botfor Beach sea
    4. Wind
    5. Solar
    6. SharpshooterSniper botfor Pond
    7. Solar
    8. Wind ×2
    9. Advanced Construction BotT2 con botfor Pond
    10. Wind
    11. Advanced Metal ExtractorT2 mex ×2
    12. Wind
    13. ButlerButler
    14. Wind
    15. Advanced Construction BotT2 con botfor Geo sea
    16. Wind ×2
    17. ButlerButlerfor Geo sea
    18. Advanced Metal ExtractorT2 mex
    19. ButlerButlerfor Geo sea
    20. Advanced Construction BotT2 con botfor Beach sea
    21. ButlerButlerfor Beach sea
    22. ArbalestArbalest
    23. Wind ×4
    24. Advanced Construction BotT2 con bot
    25. Wind
    26. ButlerButler
    27. Wind
    28. ButlerButler
    29. Wind
    30. Fusion ReactorFusiondone 13:09
    31. Con turret
    32. ButlerButler
    33. Wind ×2
    34. ButlerButler ×2
    35. Con turret
    36. Wind
    37. ButlerButler
    38. Wind ×3
    39. Con turret
    40. Wind
    41. Converter
    42. Wind ×3
    43. Converter
    44. Wind
    45. Converter ×2
    46. Wind ×2
    47. Converter
    48. Wind ×2
    49. Converter ×2
    50. Wind
    51. Converter ×2
    52. Wind ×2
    53. CitadelAnti-nukenot finished by 15:00
    54. Wind
    55. Con turret
    56. Converter ×2
    57. Wind ×2
    58. Converter ×2
    59. Wind
    60. Advanced Bot LabEat Advanced Bot Labreclaimed for its metal
    61. Converter
    62. Wind
    63. Converter
    64. Con turret
    65. Wind ×2
    66. TracerTracer
    67. Converter ×2
    68. Con turret
    69. Wind ×2
    70. Converter ×2
    71. Advanced Fusion ReactorAdvanced Fusion Reactornot finished by 15:00
    72. Wind
    73. Con turret
    74. Wind
    75. Converter ×2
    76. Wind
    77. Con turret
    78. Wind
    79. Converter
    80. Con turret
    81. Converter
    82. Con turret
    83. Wind ×2
    84. Con turret
    85. Wind
    86. Converter
    87. Con turret
    88. Converter
    89. Con turret
    90. Wind ×2
    91. Converter ×2
    92. Wind ×3
    93. Converter ×2
    94. Wind
    95. Converter ×2
    96. Wind ×3
    97. Converter ×2
    98. Wind
    99. Converter ×2

Counts are medians over the build's games: half of them build more, half fewer. The example game is Bishtou's (31 OS, 24/08/2026); pick another.

Team trades

IN AT LEAST 30% OF ITS GAMES

You hand over

  • Construction Bot1 Con bot to Airfirst at 2:23 · in 84% of games
  • Advanced Construction Bot5 T2 con bot to Air or Geo sea or Pondfirst at 4:50 · in 99% of games
  • Butler2 Butler to Geo sea or Beach sea or Pondfirst at 9:07 · in 42% of games

You get

  • Hercules1 Light transport from Airfirst at 4:01 · in 86% of games

How it plays out

Typical game of this build, running totals by minute

Metal produced

020k40k
0:005:0010:0015:00

metal

Enemy metal destroyed

050100
0:005:0010:0015:00

metal

Own metal lost

050100150
0:005:0010:0015:00

metal

1874 games.

Show as table
ByMetal produced: This buildEnemy metal destroyed: This buildOwn metal lost: This build
1:0038300
2:0091500
3:00165100
4:00314400
5:00484700
6:00580000
7:00722700
8:00906100
9:001117300
10:001350300
11:001624200
12:001965600
13:002344500
14:0027362073
15:003154285130
WHAT THE NUMBERS SAY

Standard Tech play barely fights at all early, instead pouring metal into T2 infrastructure and constructors for the team.

  • + Metal produced hits 31679 by 15:00, by far the highest of any role here.
  • + T2 factory reached in 97% of games by 4:15, fastest and most reliable T2 timing.
  • − Enemy metal destroyed stays at 0 through 10:00, no early offense at all.
  • − Own metal lost also near 0, showing total avoidance of combat risk.
THE EXAMPLE YOU ARE READING

Bishtou

30.8 OS · 24/08/2026

Open source match ↗

3 received units
2091 metal received · 74649 energy received

Allied construction assistance is unknown. Timings are observations, not a promise of solo reproducibility.

Typical milestones

Bot Lab1:18Middle 50%: 1:13–1:32 · n=1874
Advanced Bot Lab4:16Middle 50%: 4:04–4:30 · n=1867
Advanced Metal Extractor5:29Middle 50%: 5:05–5:59 · n=1870

Played most by

Amrissa93games of this buildTheGeneraI66games of this buildAdeus57games of this buildEl_Turco56games of this buildKOT_43games of this build
Standard tech · Armada Tech (Eco) build order · BAR Build Atlas